Unix NetHack Version 3.7.0-80 Work-in-progress - last build Mar 27 2023 11:19:28 (84ec4a96b1085377d1623a66bb533b5851a641e4,branch:master). Game began 2023-03-30 13:01:02, ended 2023-03-30 20:25:52. moulin, neutral male gnomish Wizard --- .. |".-- --.. - -.... ---..... .....- -- |........ --.....---- ..............---.......... -...........%.......... .........*.[....- --...........---- ----- -........................---f..| | ------."......*-.%..dZ.| --.........-------- ----......| ---.<..| ------ Moulin the Thaumaturge St:14 Dx:14 Co:13 In:19 Wi:14 Ch:11 Neutral S:10022 Dlvl:10 $:21 HP:0(37) Pw:38(94) AC:-2 Xp:8/1689 T:10060 Satiated Latest messages: The large dog misses the ettin mummy. You swap places with your large dog. You swap places with your large cat. The large cat misses the ettin mummy. You hear crashing rock. The ettin mummy attacks a spot beside you. The large cat misses the ettin mummy. The large cat misses the ettin mummy. You swap places with your large cat. The large dog misses the ettin mummy. You swap places with your large cat. The large dog bites the ettin mummy. The ettin mummy hits the large dog. The ettin mummy misses the large dog. The large cat misses the ettin mummy. The large dog misses the ettin mummy. The large cat bites the ettin mummy. The ettin mummy hits the large cat. The ettin mummy hits the large cat. The large dog misses the ettin mummy. You see here a giant spider corpse. The large dog bites the ettin mummy. You hear some noises in the distance. What do you want to use or apply? [bhnwzAI-M or ?*] w You produce a strange whistling sound. Two creatures shift locations. You swap places with your large dog. In what direction? h The spell hits the giant zombie! The giant zombie misses! The giant zombie hits! In what direction? h The spell misses the giant zombie. The giant zombie hits! The giant zombie hits again! In what direction? . You feel better. The giant zombie misses! The giant zombie misses! You hit the giant zombie. The giant zombie hits! The giant zombie knocks you back with a powerful blow! Ouch! The giant zombie misses! The giant zombie hits! The giant zombie hits again! The giant zombie knocks you back with a powerful blow! Ouch! You die... Do you want your possessions identified? [ynq] (y) q Inventory: Coins $ - 21 gold pieces Weapons T - a +0 dart R - a blessed +3 elven dagger named +3/4 (weapon in hand) Armor u - an uncursed +0 pair of leather gloves (being worn) N - a blessed +2 pair of iron shoes (being worn) S - an uncursed +2 small shield (being worn) v - a blessed greased burnt +1 cloak of magic resistance (being worn) Y - an uncursed +0 mummy wrapping t - an uncursed +0 studded leather armor (being worn) Comestibles C - an uncursed K-ration Rings F - a cursed ring of free action named c j - an uncursed +2 ring of increase accuracy m - an uncursed ring of protection from shape changers (on right hand) i - an uncursed ring of teleport control (on left hand) Wands J - a wand of cancellation named out (0:0) M - a wand of cold (0:1) n - a wand of enlightenment (0:3) I - a wand of lightning (0:4) L - a wand of sleep (0:5) Tools b - a blessed greased bag of holding containing 64 items z - an uncursed bugle A - a cursed brass lantern w - an uncursed magic whistle K - an uncursed towel h - a +0 unicorn horn Gems/Stones E - an uncursed chrysoberyl stone D - an uncursed worthless piece of red glass Contents of the bag of holding: 2725 gold pieces a blessed +0 elven dagger named +0 a +3 elven dagger named +3/4 2 +0 elven daggers a +2 spear named +2/3 a blessed +1 quarterstaff a blessed +3 dented pot an uncursed greased +0 orcish helm an uncursed -2 pair of gauntlets of dexterity 3 uncursed food rations an uncursed egg an uncursed lichen corpse an uncursed lizard corpse an uncursed scroll of light an uncursed scroll of amnesia an uncursed scroll of earth an uncursed scroll of enchant armor an uncursed scroll of food detection an uncursed scroll of identify an uncursed scroll of teleportation an uncursed spellbook of jumping an uncursed spellbook of jumping an uncursed potion of booze an uncursed potion of extra healing an uncursed potion of gain level 2 uncursed potions of restore ability a blessed potion of sickness a potion of holy water 2 potions of unholy water an uncursed potion of healing 2 uncursed potions of object detection an uncursed potion of see invisible an uncursed potion of speed an uncursed ring of fire resistance an uncursed ring of fire resistance an uncursed ring of polymorph control an uncursed ring of slow digestion an uncursed ring of sustain ability an uncursed +2 ring of adornment an uncursed +1 ring of adornment an uncursed -2 ring of protection named c a wand of light (0:12) a wand of light (0:12) a wand of light (0:12) a wand of make invisible (0:1) an empty uncursed sack named XXX an empty uncursed sack an empty uncursed sack a magic flute (0:0) an uncursed mirror an uncursed tin whistle a can of grease (0:5) an uncursed leash an uncursed leash a +0 pick-axe 4 uncursed worthless pieces of black glass 4 uncursed worthless pieces of blue glass 4 uncursed worthless pieces of orange glass 2 uncursed worthless pieces of white glass 3 uncursed citrine stones an uncursed worthless piece of yellow glass an uncursed topaz stone 2 uncursed worthless pieces of green glass an uncursed worthless piece of red glass Moulin the Wizard's attributes: Background: You were a Thaumaturge, a level 8 male gnomish Wizard. You were neutral, on a mission for Thoth who was opposed by Ptah (lawful) and Anhur (chaotic). You were in the Gnomish Mines, on level 10. You entered the dungeon 10060 turns ago. You had 1689 experience points, 871 more were needed to attain level 9. Your score was 10022 before end-of-game adjustments. Basics: You had 0 out of 37 hit points. You had 38 out of 94 energy points (spell power). Your armor class was -2. Your wallet contained 21 zorkmids, and you had 2725 more stashed away in your pack. Autopickup was off. Final Characteristics: Your strength was 14 (limit:18/50). Your dexterity was 14 (limit:18). Your constitution was 13 (limit:18). Your intelligence was 19 (limit:19). Your wisdom was 14 (limit:18). Your charisma was 11 (limit:18). Final Status: You were satiated. You were unencumbered. You were wielding a dagger. You were unskilled in dagger. Final Attributes: You were piously aligned. You were magic-protected. You were sleep resistant. You were poison resistant. You were telepathic. You had infravision. You were invisible. You had teleport control. You were warded. You were protected from shape changers. You are dead. Miscellaneous: You encountered 2 bones levels. Total elapsed playing time was 4 hours, 13 minutes and 34 seconds. Major events: Turn 1: moulin the neutral male gnomish Wizard entered the dungeon 1210: attained the rank of Conjurer (level 3) 2465: entered the Gnomish Mines 3317: attained the rank of Thaumaturge (level 6) 10060: killed by a giant zombie, while moving through the air Vanquished creatures: a watch captain 3 wargs an ettin mummy a large dog a large cat a tiger a tengu an ochre jelly a leocrotta 3 stone giants a Grey-elf a soldier 4 watchmen 2 chameleons a giant beetle 2 wolves an orc-captain an iron piercer a giant spider an ice vortex a rust monster a yeti a lizard 2 jaguars a dwarf leader a white unicorn 3 ravens a plains centaur a gnome mummy a snake 4 Woodland-elves 5 soldier ants 4 fire ants a quasit 2 wood nymphs a mountain nymph 3 Uruk-hai an orc shaman a rock piercer a rock mole a pony 2 fog clouds 4 yellow lights a shrieker a kobold mummy 3 gray oozes 2 elf zombies a straw golem 5 giant ants 4 floating eyes a kitten 7 dwarves 3 kobold shamans 2 hill orcs 3 rothes a rabid rat 3 giant bats an orc zombie 2 werejackals 6 iguanas 8 killer bees an acid blob a coyote a gas spore 2 hobbits a manes 4 hobgoblins 3 giant rats 4 cave spiders 2 brown molds a green mold 7 gnomes a gnome zombie 9 geckos 8 jackals 2 foxes a kobold 4 goblins 4 sewer rats 3 grid bugs 3 bats 4 lichens a kobold zombie 13 newts 206 creatures vanquished. No species were genocided or became extinct. Voluntary challenges: You read items or engraved 16 times. You engraved Elbereth 2 times. You never genocided any monsters. You never polymorphed an object. You never changed form. You used no wishes. Achievements: You entered a shop. You attained the rank of Conjurer. You entered the Gnomish Mines. You attained the rank of Thaumaturge. You entered a temple. The Dungeons of Doom: levels 1 to 7 Level 1: Level 2: Level 3: A general store, a fountain. Level 4: A fountain. Stairs down to The Gnomish Mines. Level 5: Level 6: Level 7: A grave. Final resting place for spleen-Bar-Orc-Mal-Cha, killed by an invisible plains centaur. The Gnomish Mines: levels 5 to 10 Level 5: Level 6: A grave. Final resting place for nabru-Wiz-Elf-Fem-Cha, killed by a soldier ant, Goran-Pri-Hum-Mal-Neu, killed by a dwarf. Level 7: "white uni" Level 8: Many shops, a temple, some fountains. Level 9: Level 10: <- You were here. Final resting place for you, killed by a giant zombie, while moving through the air. Game over: ---------- / \ / REST \ / IN \ / PEACE \ / \ | moulin | | 2746 Au | | killed by a | | giant zombie | | | | | | 2023 | *| * * * | * _________)/\\_//(\/(/\)/\//\/|_)_______ Goodbye moulin the Wizard... You died in The Gnomish Mines on dungeon level 10 with 9748 points, and 2746 pieces of gold, after 10060 moves. You were level 8 with a maximum of 37 hit points when you died.